Unix NetHack Version 5.0.0-0 post-release - last build May 10 2026 23:12:36 (d1fa5d53e341ca933230fdaa984d921c805b60aa,branch:main).

Game began 2026-05-11 16:58:17, ended 2026-05-11 18:32:29.

Drastanta, lawful male human Knight

                                                    -----
                                                    |...
                                                   --... ----
                                     --   ------ ---....--..-----
                                     |............@........)....-
                                     --    ----  ----...........0
                                                    |..........--
                                                    --........--
                                                     ---......|
                                                       --.....-
                                                        -......
                                                        ........|
                                                        ........|
                                                       ........--
                                                       ........|
                                                       -.....---
                                                       ----.--
                                                          ---
Drastanta the Esquire    St:14 Dx:8 Co:14 In:9 Wi:14 Ch:17  Lawful
Dlvl:6  $:1182 HP:0(36) Pw:39(39) AC:3  Xp:5 T:2713  Blind

Latest messages:
 Really step onto that dart trap? [yn] (n) y
 A little dart shoots out at you!
 A little dart misses you.
 You stop.  Your saddled pony is in the way!
 You swap places with your saddled pony.
 You stop.  Your saddled pony is in the way!
 Suddenly, the saddled pony falls through a trap door.
 You hear crashing rock.
 The dwarf is almost hit by an arrow!
 Really step onto that dart trap? [yn] (n) n
 The dwarf falls into a pit!
 Really step onto that dart trap? [yn] (n) n
 The hill orc picks up an aklys.
 Really step onto that trap door? [yn] (n) y
 There is a trap door here.
 You see here a yellowish brown gem.
 A trap door opens up under you!
 A little dart shoots out at you!
 A little dart misses you.
 The gnome picks up 2 gems.
 You hear some noises in the distance.
 The gnome picks up a wand.
 You see here a scroll labeled ELBIB YLOH.
 J - a scroll labeled ELBIB YLOH.
 You hear a chugging sound.
 The gnome zaps a jeweled wand!
 The bolt of lightning whizzes by you!
 You are blinded by the flash!
 You hear a nearby zap.
 The bolt of lightning hits you!
 The bolt of lightning hits you!
 Are you sure you want to pray? [yn] (n) y
 You begin praying to Lugh.
 You finish your prayer.
 You feel that Lugh is well-pleased.
 You feel much better.
 It hits!
 You hear some noises in the distance.
 You hear a nearby zap.
 The bolt of lightning hits you!
 Wait!  There's something there you can't see!
 It hits!
 You hear a nearby zap.
 The bolt of lightning hits you!
 You die...
 Do you want your possessions identified? [ynq] (y) n
 Do you want to see your attributes? [ynq] (y) n
 Do you want an account of creatures vanquished? [ynaq] (y) n
 Do you want to see your conduct and achievements? [ynq] (y) n
 Do you want to see the dungeon overview? [ynq] (y) n

Inventory:
 Coins    ('$')
  $ - 1182 gold pieces
 Weapons  (')')
  r - a +0 ya
  a - a blessed +1 long sword (weapon in left hand)
 Armor    ('[')
  d - an uncursed +0 helmet (being worn)
  f - an uncursed +0 pair of leather gloves (being worn)
  e - an uncursed +0 small shield (being worn)
  c - an uncursed +1 ring mail (being worn)
 Comestibles  ('%')
  g - 10 uncursed apples
  h - 12 uncursed carrots
  E - an uncursed cram ration
  t - an uncursed cream pie
  u - an uncursed food ration
  l - 2 uncursed pancakes
  p - an uncursed egg
 Scrolls  ('?')
  J - an uncursed scroll of amnesia
  m - an uncursed scroll of enchant weapon
  n - an uncursed scroll of identify
  q - an uncursed scroll of light
  G - an uncursed scroll of magic mapping
 Potions  ('!')
  i - an uncursed potion of gain energy
  k - a potion of unholy water
 Rings    ('=')
  H - a cursed ring of polymorph
 Wands    ('/')
  I - a wand of secret door detection (0:14)

Drastanta the Knight's attributes:

Background:
 You were an Esquire, a level 5 male human Knight.
 You were lawful, on a mission for Lugh
 who was opposed by Brigit (neutral) and Manannan Mac Lir (chaotic).
 You were left-handed.
 You were in the Gnomish Mines, on level 6.
 You entered the dungeon 2713 turns ago.
 You had 183 experience points, 137 more were needed to attain level 6.

Basics:
 You had 0 out of 36 hit points.
 You had all 39 energy points (spell power).
 Your armor class was 3.
 Your wallet contained 1182 zorkmids.
 Autopickup was off.

Final Characteristics:
 Your strength was 14 (limit:18/100).
 Your dexterity was 8 (limit:18).
 Your constitution was 14 (limit:18).
 Your intelligence was 9 (limit:18).
 Your wisdom was 14 (limit:18).
 Your charisma was 17 (limit:18).

Final Status:
 You were temporarily blind.
 You weren't hungry.
 You were unencumbered.
 You were wielding a long sword.
 You had basic skill with long sword.

Final Attributes:
 You were piously aligned.
 You could jump.
 You were warded.
 You are dead.

Miscellaneous:
 You didn't encounter any bones levels.
 Total elapsed playing time was 41 minutes and 48 seconds.

Major events:
 Turn
    1: Drastanta the lawful male human Knight entered the dungeon
  690: attained the rank of Esquire (level 3)
 2401: entered the Gnomish Mines
 2713: killed by a bolt of lightning zapped by a gnome

You didn't know any spells.

Skills:
 Fighting Skills
   bare handed combat [Unskilled]
   two weapon combat  [Unskilled]
   riding             [Basic]
 Weapon Skills
   dagger             [Unskilled]
   knife              [Unskilled]
   axe                [Unskilled]
   pick-axe           [Unskilled]
   short sword        [Unskilled]
   broadsword         [Unskilled]
   long sword         [Basic]
   two-handed sword   [Unskilled]
   saber              [Unskilled]
   club               [Unskilled]
   mace               [Unskilled]
   morning star       [Unskilled]
   flail              [Unskilled]
   hammer             [Unskilled]
   polearms           [Unskilled]
   spear              [Unskilled]
   trident            [Unskilled]
   lance              [Basic]
   bow                [Unskilled]
   crossbow           [Unskilled]
 Spellcasting Skills
   attack spells      [Unskilled]
   healing spells     [Unskilled]
   clerical spells    [Unskilled]

Voluntary challenges:
 Character rerolling was not enabled.
 You were illiterate.
 You never genocided any monsters.
 You never polymorphed an object.
 You never changed form.
 You used no wishes.
Achievements:
 You attained the rank of Esquire.
 You entered a shop.
 You entered the Gnomish Mines.

 The Dungeons of Doom: levels 1 to 5
    Level 1:
       Some fountains.
    Level 2:
       A general store, an altar.
    Level 3:
       A bookstore.
    Level 4:
       A grave.
       Stairs down to The Gnomish Mines.
    Level 5:
 The Gnomish Mines: levels 5 to 6
    Level 5:
    Level 6: <- You were here.
       Final resting place for
          you, killed by a bolt of lightning zapped by a gnome.


Vanquished creatures:
  a rock mole
  2 gnome leaders
  a little dog
  a monkey
  2 orc zombies
 an iguana
  2 coyotes
  a hobbit
  a large kobold
  a cave spider
  a yellow mold
  a green mold
  a red mold
  9 gnomes
  a gnome zombie
  a gecko
  8 jackals
  a fox
  2 kobolds
  4 goblins
  3 grid bugs
  2 bats
  3 lichens
  2 kobold zombies
  4 newts
56 creatures vanquished.

No species were genocided or became extinct.

Game over:
                       ----------
                      /          \
                     /    REST    \
                    /      IN      \
                   /     PEACE      \
                  /                  \
                  |    Drastanta     |
                  |     1182 Au      |
                  | killed by a bolt |
                  |   of lightning   |
                  |   zapped by a    |
                  |      gnome       |
                  |       2026       |
                 *|     *  *  *      | *
        _________)/\\_//(\/(/\)/\//\/|_)_______

Fare thee well Drastanta the Knight...

You died in The Gnomish Mines on dungeon level 6 with 2046 points,
and 1182 pieces of gold, after 2713 moves.
You were level 5 with a maximum of 36 hit points when you died.

